 Dungeon Sprint DCSS version 0.29-a0-221-gceb61267dd (webtiles) character file.

Game seed: 1245080973235558717

294 mhtbhm the Covered (level 6, 0/44 HPs)
             Began as a Gargoyle Fighter on Feb 26, 2022.
             Slain by a shadow (4 damage)
             ... in the Dungeon (Sprint III: "The Ten Rune Challenge").
             The game lasted 00:01:15 (792 turns).

mhtbhm the Covered (Gargoyle Fighter)                Turns: 792, Time: 00:01:16

Health: 0/44       AC: 13    Str: 22    XL:     6   Next: 33%
Magic:  6/6        EV: 10    Int:  8    God:
Gold:   44         SH:  5    Dex:  9    Spells: 5/5 levels left

rFire   . . .      SeeInvis .   a - +0 flail
rCold   . . .      Faith    .   c - +0 buckler
rNeg    + . .      Spirit   .   b - +0 scale mail
rPois   ∞          Reflect  .   (no helmet)
rElec   +          Harm     .   i - +0 cloak
rCorr   .          Rampage  .   (no gloves)
Will    .....      NoTele   +   (no boots)
Stlth   ..........              (no amulet)
HPRegen 0.14/turn               (no ring)
MPRegen 0.10/turn               (no ring)

@: no status effects
A: sickness immunity, AC +4, negative energy resistance 1, electricity
resistance, torment resistance 1, petrification resistance
a: no special abilities


You were in the Dungeon.
You visited 1 branch You collected 44 gold pieces.

Inventory:

Hand Weapons
 a - a +0 flail (weapon)
Armour
 b - a +0 scale mail (worn)
 c - a +0 buckler (worn)
 i - a +0 cloak (worn)
Wands
 d - a wand of polymorph (8)
Scrolls
 e - a scroll of fog {unknown}
 j - a scroll of blinking
 l - a scroll of torment {unknown}
 m - a scroll of enchant armour {unknown}
 p - a scroll of holy word {unknown}
 q - a scroll of identify {unknown}
Potions
 g - a potion of haste
 h - 2 potions of magic
 k - 3 potions of mutation {unknown}
 n - a potion of brilliance {unknown}
 o - a potion of degeneration {unknown}
 r - a potion of resistance {unknown}


   Skills:
 + Level 7.6 Fighting
 + Level 7.4 Maces & Flails
 + Level 7.9 Armour
 + Level 1.5 Dodging
 + Level 6.4 Shields


You had 5 spell levels left.
You didn't know any spells.
Your spell library contained the following spells:

 Spells                   Type           Power      Damage    Failure   Level
 Ignite Poison            Fire/Tmut/Pois 0%         N/A       98%         3
 Mephitic Cloud           Conj/Pois/Air  0%         N/A       98%         3
 Freezing Cloud           Conj/Ice/Air   0%         6-21      100%        5


Dungeon Overview and Level Annotations

Branches:
Dungeon (1/1)

Altars:
Dithmenos
Kikubaaqudgha
Ru
Sif Muna
Vehumet
Yredelemnul


Innate Abilities, Weirdness & Mutations

You are immune to sickness and miasma.
Your stone body is resilient. (AC +4)
You are immune to poison.
You resist negative energy. (rN+)
You are resistant to electric shocks. (rElec)
You are resistant to unholy torment.
You are immune to petrification.


Message History

The shadow is lightly damaged.
The shadow hits you.
You thump the shadow!
The shadow is moderately damaged.
The shadow barely misses you.
You hit the shadow but do no damage.
The shadow is moderately damaged.
The shadow slips into darkness.
The shadow flickers and vanishes!
Deactivating autopickup; reactivate with Ctrl-A.
You barely miss something.
The shadow strikes at you from the darkness!
Reactivating autopickup.
You closely miss the shadow.
The shadow is moderately damaged.
The shadow barely misses you.
You completely miss the shadow.
The shadow is moderately damaged.
The shadow hits you.
* * * LOW HITPOINT WARNING * * *
You hit the shadow.
The shadow is moderately damaged.
The shadow hits you.
You hit the shadow but do no damage.
The shadow is moderately damaged.
You block the shadow's attack.
You thump the shadow!
The shadow is heavily damaged.
You block the shadow's attack.
The shadow slips into darkness.
The shadow flickers and vanishes!
Deactivating autopickup; reactivate with Ctrl-A.
You barely miss something.
The shadow strikes at you from the darkness!
* * * LOW HITPOINT WARNING * * *
Reactivating autopickup.
You hit the shadow.
The shadow is almost destroyed.
The shadow hits you.
You die...

▓▓▓ ##.# ####
####..# #__#
#..#..# #._#
#..#..###+#+###)##
##'#..#..........#
###...'.⌠........#
###...#...######@#
##....#.⌠.# #.W.#
#.....#...# #...#
..)...#)### #...#
#.....#)..# #...+
##....#___# +...#
▓▓▓▓▓▓▓▓▓▓ ▓▓▓▓▓


You could see a shadow.

Vanquished Creatures
  A necrophage (D)
  A water elemental (D)
  Crazy Yiuf (D)
  Jessica (D)
  A wizard (D)
  A necromancer (D)
  A human (D)
  A kobold demonologist (D)
  A river rat (D)
  2 endoplasms (D)
  A rat (D)
12 creatures vanquished.

Notes
Turn   | Place    | Note
-------+----------+-------------------------------------------
     0 | D        | mhtbhm the Gargoyle Fighter began the quest for the Orb.
     0 | D        | Reached XP level 1. HP: 14/14 MP: 1/1
    57 | D        | Noticed Jessica
    68 | D        | Killed Jessica
    69 | D        | Reached XP level 2. HP: 15/20 MP: 2/2
    69 | D        | Reached XP level 3. HP: 18/24 MP: 3/3
   164 | D        | Reached skill level 5 in Fighting
   164 | D        | Reached skill level 5 in Armour
   164 | D        | Reached skill level 5 in Shields
   287 | D        | Noticed Crazy Yiuf
   293 | D        | Killed Crazy Yiuf
   294 | D        | Reached XP level 4. HP: 31/31 MP: 4/4
   451 | D        | Noticed a water elemental
   459 | D        | Killed a water elemental
   460 | D        | Reached skill level 5 in Maces & Flails
   460 | D        | Reached XP level 5. HP: 36/36 MP: 5/5
   466 | D        | Found a radiant altar of Vehumet.
   466 | D        | Found a shimmering blue altar of Sif Muna.
   466 | D        | Found an ancient bone altar of Kikubaaqudgha.
   469 | D        | Noticed a red devil
   471 | D        | Noticed a rust devil
   474 | D        | Reached skill level 1 in Dodging
   726 | D        | Found a basalt altar of Yredelemnul.
   726 | D        | Found a shadowy altar of Dithmenos.
   726 | D        | Found a sacrificial altar of Ru.
   726 | D        | Noticed a necrophage
   732 | D        | Killed a necrophage
   733 | D        | Reached XP level 6. HP: 44/44 MP: 6/6
   777 | D        | Noticed a shadow
   792 | D        | Slain by a shadow

Illustrated notes

Levels and vault maps discovered:
D:        dungeon_sprint_mu [sprint_mu_entry_cave, sprint_mu_temple_rooms,
          sprint_mu_d1_spiders, sprint_mu_d2_genie, sprint_mu_d3_branching,
          sprint_mu_orc_legion, sprint_mu_elf_gauntlet, sprint_mu_hive_nellie,
          sprint_mu_lair_fedhas, sprint_mu_vaults_butterflies,
          sprint_mu_slime_circle, sprint_mu_shoals_kraken,
          sprint_mu_snake_twists, sprint_mu_blade_basic,
          sprint_mu_crypt_fortress, sprint_mu_tomb_spiral,
          sprint_mu_vestibule_basic, sprint_mu_gehenna_hellfire,
          sprint_mu_dis_giant, sprint_mu_tartarus_statrot,
          sprint_mu_cocytus_islands, sprint_mu_zot1]

Skill      XL: |  1  2  3  4  5 |
---------------+----------------+-----
Fighting       | 4 5 6 7 |  7.6
Maces & Flails | 3 4 5 7 |  7.4
Armour         | 4 5 6 7 |  7.9
Shields        | 4 5 6 |  6.4
Dodging        | 1 |  1.5

Action                   |  1- 3 |  4- 6 || total
-------------------------+-------+-------++-------
Melee: Flail             |    27 |    35 ||    62
Evoke: Wand              |       |     3 ||     3
  Use: Potion            |     2 |     2 ||     4
Armor: Scale mail        |     8 |    13 ||    21
Dodge: Dodged            |     7 |     9 ||    16
Block: Buckler           |     7 |     3 ||    10

Table legend: (Time is in decaauts)
 A = Elapsed time spent in this place.
 B = Non-inter-level travel time spent in this place.
 C = Inter-level travel time spent in this place.
 D = Time resting spent in this place.
 E = Time spent auto-exploring this place.
 F = Levels seen in this place.
 G = Mean time per level.
                   A        B        C        D        E       F      G
               +--------+--------+--------+--------+--------+-----+--------+
         Total |    813 |    813 |      0 |    538 |     49 |   1 |  813.0 |
       Dungeon |    813 |    813 |      0 |    538 |     49 |   1 |  813.0 |
               +--------+--------+--------+--------+--------+-----+--------+

Top non-repeatable levels by time:
       D: 813 daAuts
